Map: [ESL] Ghost River

Players

Solar - Winner!

  • Race: Zerg Zerg
  • Spawn Location: 1:00

MaNa

  • Race: Protoss Protoss
  • Spawn Location: 11:00

Event: ESL Spring 2024 Finals

VOD

Have the link to the VOD?

Description

Time

  • Played on: May 31, 2024, 1:06 p.m.
  • Length: 9:44

All games in this series

Show
View Real Time Build Order
Export as new Build Order

Solar Zerg - Winner!

Build Orders: Hatch First, Swarm Host 

Get SALT Encoding   

  12  0:00  Drone  
  13  0:11  Overlord  
  13  0:16  Drone  
  14  0:30  Drone x2  
  16  0:47  Hatchery  
  15  0:51  Drone  
  15  0:54  Drone  
  17  0:58  Drone  
  18  1:08  Extractor  
  17  1:14  Spawning Pool  
  17  1:17  Drone  
  17  1:20  Drone  
  18  1:28  Drone  
  19  1:38  Drone  
  20  1:50  Overlord  
  20  2:01  Queen x2  
  22  2:02  Zergling x4  
  26  2:10  Drone x2  
  26  2:12  Metabolic Boost  
  28  2:21  Drone x2  
  30  2:37  Zergling x2  
  30  2:40  Hatchery  
  30  2:41  Drone  
  31  2:46  Queen  
  31  2:50  Overlord  
  33  2:54  Drone  
  33  2:55  Drone  
  33  2:58  Drone  
  36  3:08  Queen  
  36  3:11  Drone x3  
  41  3:13  Drone  
  41  3:17  Overlord  
  41  3:19  Drone  
  43  3:22  Drone  
  44  3:34  Overlord  
  44  3:35  Queen  
  44  3:36  Drone x2  
  44  3:41  Drone  
  49  3:42  Zergling x4  
  49  3:45  Roach Warren  
  50  3:52  Drone x4, Queen  
  57  3:56  Overlord  
  57  4:01  Drone  
  57  4:02  Queen  
  57  4:05  Spore Crawler  
  59  4:10  Drone x4  
  59  4:12  Spore Crawler  
  61  4:17  Overlord  
  61  4:18  Drone x2  
  61  4:20  Drone  
  61  4:23  Drone x2  
  66  4:27  Extractor  
  66  4:31  Overlord  
  65  4:33  Drone x2  
  65  4:38  Roach Warren  
  66  4:40  Lair  
  66  4:45  Drone x5  
  70  4:48  Extractor  
  70  4:50  Extractor  
  70  4:52  Drone x5  
  73  4:57  Overlord  
  73  4:58  Zergling x2  
  73  5:04  Zergling x2  
  73  5:05  Zergling x6  
  77  5:07  Drone  
  77  5:08  Queen  
  77  5:10  Extractor  
  77  5:13  Drone x4  
  82  5:18  Overlord  
  82  5:24  Roach x5  
  82  5:27  Roach  
  94  5:32  Drone  
  94  5:43  Overlord  
  94  5:44  Drone x2  
  94  5:46  Roach x2  
  94  5:47  Roach x4  
  106  5:50  Glial Reconstitution  
  106  5:53  Infestation Pit  
  106  5:54  Overseer, Extractor  
  106  5:55  Drone x2  
  106  5:58  Overlord  
  106  6:02  Drone  
  106  6:03  Drone  
  108  6:05  Evolution Chamber  
  108  6:07  Hatchery  
  108  6:08  Drone  
  108  6:10  Drone  
  108  6:11  Drone  
  109  6:13  Drone  
  109  6:16  Overlord  
  109  6:17  Roach x3  
  109  6:18  Drone  
  117  6:20  Overlord  
  117  6:21  Drone  
  117  6:24  Overlord  
  120  6:32  Roach x2  
  120  6:33  Overseer  
  120  6:41  Swarm Host x5  
  120  6:46  Swarm Host x3  
  144  6:48  Hatchery  
  144  6:50  Overlord  
  144  6:59  Zerg Missile Weapons Level 1  
  144  7:02  Hatchery  
  144  7:06  Swarm Host  
  146  7:09  Swarm Host x2  
  146  7:11  Overlord  
  146  7:12  Overlord  
  146  7:13  Overlord  
  152  7:18  Overlord  
  152  7:23  Overlord  
  152  7:25  Overlord  
  152  7:30  Swarm Host x2  
  152  7:32  Roach x6  
  170  7:37  Extractor, Roach x2  
  170  7:38  Roach  
  170  7:40  Roach x2  
  170  7:43  Ravager x2  
  181  7:47  Roach x2  
  185  7:52  Ravager  
  185  7:55  Roach x4  
  185  7:57  Roach  
  195  8:02  Overlord  
  196  8:05  Overlord  
  191  8:15  Overlord  
  191  8:17  Hatchery  
  191  8:18  Ravager  
  191  8:19  Ravager x2  
  193  8:21  Roach x3  
  199  8:34  Roach  
  196  8:46  Roach x2  
  200  8:58  Roach  
  200  8:59  Zergling x4, Roach x2  
  200  9:02  Roach x3  
  196  9:03  Roach x3  
  196  9:04  Roach  
  196  9:05  Extractor  
  196  9:06  Roach  
  196  9:08  Roach  
  196  9:09  Roach  
  197  9:11  Zergling x10  
  196  9:20  Ravager  
  196  9:21  Ravager x2  
Show
View Real Time Build Order
Export as new Build Order

MaNa Protoss 

Build Orders: 1 Gate Expand, Oracle Opening, Archon Immortal, Archon Drop 

Get SALT Encoding   

  12  0:00  Probe  
  13  0:12  Probe  
  14  0:18  Pylon  
  14  0:24  Probe (Chrono Boost)  
  15  0:36  Probe (Chrono Boost)  
  16  0:43  Gateway  
  16  0:45  Probe (Chrono Boost)  
  16  0:49  Assimilator  
  17  0:52  Probe  
  18  1:04  Probe (Chrono Boost)  
  19  1:16  Probe (Chrono Boost)  
  20  1:22  Probe (Chrono Boost)  
  21  1:30  Nexus  
  21  1:40  Cybernetics Core  
  21  1:44  Assimilator  
  21  1:47  Probe  
  22  1:54  Pylon  
  22  2:00  Probe  
  23  2:12  Probe  
  23  2:15  Adept (Chrono Boost)  
  24  2:17  Stargate  
  26  2:24  Probe  
  26  2:26  Warp Gate  
  27  2:34  Pylon  
  28  2:38  Stalker  
  28  2:40  Probe (Chrono Boost)  
  28  2:42  Probe (Chrono Boost)  
  31  2:51  Probe (Chrono Boost)  
  33  2:52  Probe (Chrono Boost)  
  33  2:56  Probe (Chrono Boost)  
  34  3:01  Oracle (Chrono Boost), Probe  
  38  3:08  Probe  
  39  3:13  Probe  
  39  3:19  Gateway  
  40  3:20  Probe  
  40  3:25  Probe  
  40  3:27  Robotics Facility  
  42  3:32  Probe, Pylon  
  43  3:35  Assimilator  
  43  3:37  Assimilator, Probe  
  44  3:44  Probe  
  44  3:47  Twilight Council  
  45  3:49  Probe  
  45  3:50  Pylon  
  46  3:56  Probe  
  46  4:01  Probe  
  48  4:08  Probe  
  48  4:09  Gateway  
  49  4:10  Gateway  
  49  4:13  Probe  
  49  4:15  Warp Prism (Chrono Boost)  
  52  4:25  Templar Archives  
  52  4:26  Probe  
  52  4:29  Adept  
  55  4:32  Probe  
  56  4:38  Probe  
  56  4:40  Pylon  
  56  4:44  Probe  
  58  4:45  Zealot  
  60  4:56  Pylon  
  60  5:01  Nexus  
  60  5:07  High Templar x3  
  60  5:08  High Templar  
  60  5:12  Archon x2, Pylon  
  60  5:13  Probe x2  
  70  5:24  Immortal (Chrono Boost)  
  74  5:33  Probe x2  
  72  5:45  Probe  
  72  5:49  Zealot x2, High Templar x2  
  81  5:50  Probe  
  81  5:54  Forge  
  81  5:55  Archon  
  82  5:59  Robotics Facility  
  82  6:00  Immortal (Chrono Boost)  
  86  6:07  Shield Battery  
  86  6:10  Gateway  
  86  6:13  Probe x2  
  86  6:14  Probe  
  89  6:25  Sentry, Protoss Ground Weapons Level 1 (Chrono Boost), Probe x2  
  91  6:26  Zealot x2  
  91  6:27  Charge  
  91  6:30  Probe  
  96  6:37  Probe x2  
  98  6:42  Probe  
  98  6:44  Pylon  
  99  6:49  Probe  
  100  6:56  Assimilator  
  100  6:57  Psionic Storm  
  100  6:58  Assimilator  
  100  7:03  Immortal  
  100  7:05  Zealot  
  100  7:06  Zealot  
  108  7:09  Pylon  
  108  7:14  Pylon  
  108  7:18  Probe  
  108  7:22  Pylon  
  109  7:24  Pylon  
  109  7:26  Photon Cannon  
  109  7:28  Photon Cannon, Immortal  
  115  7:33  Zealot x5  
  123  7:38  Photon Cannon  
  123  7:40  Shield Battery  
  123  7:43  Immortal  
  127  7:50  Shield Battery  
  127  7:55  High Templar x4  
  135  8:01  Archon x2  
  135  8:03  Probe x2  
  125  8:14  Nexus  
  125  8:15  Probe  
  125  8:18  Pylon  
  124  8:28  Photon Cannon  
  124  8:32  Pylon  
  124  8:34  Pylon  
  128  8:43  High Templar x3  
  128  8:47  Photon Cannon  
  131  8:50  Pylon  
  116  9:06  High Templar x2  
  99  9:17  Zealot x2  
  99  9:18  Zealot  
  99  9:21  Robotics Facility  
Tags
 
Add a new tag
Caveats
  • Supply blocks, unpowered buildings, or Contaminate may cause inaccurate times.
  • Supply counts are checked every 10 seconds.